 Dungeon Crawl Stone Soup version 0.20.1-1-g8b1a95d (webtiles) character file.

43 veneficus the Poker (level 3, -1/27 HPs)
             Began as a Merfolk Skald on Nov 2, 2017.
             Slain by a gnoll
             ... wielding a +0 halberd
              (15 damage)
             ... on level 1 of the Dungeon.
             The game lasted 00:02:19 (1389 turns).

veneficus the Poker (Merfolk Skald)                 Turns: 1389, Time: 00:02:19

Health: -1/27      AC:  4    Str: 11    XL:     3   Next: 58%
Magic:  10/15      EV: 12    Int: 12    God:
Gold:   63         SH:  0    Dex: 14    Spells: 2/7 levels left

rFire    . . .     SeeInvis .   a - +0 spear
rCold    . . .     Gourm    .   (no shield)
rNeg     . . .     Faith    .   b - +0 leather armour
rPois    .         Spirit   .   (no helmet)
rElec    .         Reflect  .   (no cloak)
rCorr    .         Harm     .   j - +0 pair of gloves
MR       .....                  (no boots)
Stlth    +.........             (no amulet)
Regen    0.1/turn               e - ring of magical power
MPRegen  0.2/turn               (no ring)

@: infused, very slightly contaminated
A: change form in water, swift swim, stealthy swim
a: no special abilities


You were on level 1 of the Dungeon.
You were hungry.

You visited 1 branch of the dungeon, and saw 2 of its levels.

You collected 63 gold pieces.

Inventory:

Hand Weapons
 a - a +0 spear (weapon)
Armour
 b - a +0 leather armour (worn)
 j - a +0 pair of gloves (worn)
Jewellery
 e - a ring of magical power (left hand)
Scrolls
 f - a scroll of blinking {unknown}
 k - a scroll of identify {unknown}
 m - a scroll of enchant weapon {unknown}
 n - 2 scrolls of remove curse {unknown}
 o - a scroll of teleportation {unknown}
Potions
 h - a potion of resistance {unknown}
 l - a potion of curing {unknown}
Books
 c - a book of Battle

   Spells                             Type                      Level
   a - Infusion                       Charms                       1
   b - Shroud of Golubria             Charms/Translocation         2
   c - Song of Slaying                Charms                       2
   d - Spectral Weapon                Hexes/Charms                 3
   e - Regeneration                   Charms/Necromancy            3
Comestibles
 d - 2 bread rations
 g - 2 chunks of flesh
 i - a meat ration


   Skills:
 - Level 2.1 Fighting
 * Level 4.6 Polearms
 - Level 0.6 Armour
 - Level 2.6 Dodging
 + Level 2.5 Spellcasting
 + Level 3.5 Charms


You had 2 spell levels left.
You knew the following spells:

 Your Spells              Type           Power        Failure   Level  Hunger
a - Infusion              Chrm           ##..         8%          1    #......
b - Shroud of Golubria    Chrm/Tloc      #.........   24%         2    ###....
c - Song of Slaying       Chrm           ##......     12%         2    ###....


Dungeon Overview and Level Annotations

Branches:
Dungeon (2/15)

Altars:


Message History

Casting: Infusion
Confirm with . or Enter, or press ? or * to list all spells.
Space distorts slightly along a thin shroud covering your body.
There is a stone staircase leading down here.
You climb downwards.
The gnoll hits you with a whip. The gnoll hits you with a spear.
Your shroud falls apart!
The gnoll barely misses you.
There is a stone staircase leading up here.
You hit the gnoll.
The gnoll is lightly wounded.
The gnoll barely misses you. x2
The gnoll barely misses you. The gnoll hits you with a whip.
You climb upwards.
There is a stone staircase leading down here.
The gnoll misses you.
The gnoll hits you from afar with a spear.
The gnoll hits you with a halberd!
Ouch! That really hurt!
You die...

#..#####...# #.# #.#
..#.....#..###.# #.# #####
.#.......#..##.# #># ###)..##
#....<....#..#.# #.# #.......
.#...(...#..##.#### #.#
#.#...## ..#.....#.........#
#.###.......
#..#####..###..g#g#
#....)#...##
##........#......g#
#####.##.##
####.###...##.#@## #.##.###
#.###.#.(..#.#########.##....
#.##.###...............######
#>###.#...........####.#
#####.####.#.#.#.####.# #.#
...........#.#.#.# #.# #.#
#####.####.#.#.#)# #(#
#.###### # #.####.#.#[#.# #.#
#.[..... # #..........#.# #.#
########


You could see 3 gnolls.

Vanquished Creatures
  A gnoll (D:1)
  3 dart slugs (D:1)
  A leopard gecko (D:1)
  2 giant cockroaches (D:1)
  4 goblins
  4 hobgoblins
  3 bats
  2 kobolds (D:1)
  6 rats
26 creatures vanquished.

Notes
Turn   | Place    | Note
-------+----------+-------------------------------------------
     0 | D:1      | veneficus the Merfolk Skald began the quest for the Orb.
     0 | D:1      | Reached XP level 1. HP: 16/16 MP: 3/3
   175 | D:1      | Reached XP level 2. HP: 21/22 MP: 5/5
   217 | D:1      | Reached skill level 4 in Polearms
   482 | D:1      | Reached XP level 3. HP: 27/27 MP: 6/6
  1376 | D:1      | Learned a level 2 spell: Shroud of Golubria
  1379 | D:1      | Learned a level 2 spell: Song of Slaying
  1389 | D:1      | Slain by a gnoll

Skill      XL: |  1  2 |
---------------+-------+-----
Polearms       | 4 |  4.6
Fighting       | |  2.1
Armour         | |  0.6
Dodging        | |  2.6
Spellcasting   | |  2.5
Charms         | |  3.5

Action                   || total
-------------------------++-------
Melee: Spear             ||    68
 Cast: Infusion          ||     5
       Shroud of Golubri ||     1
  Eat: Chunk             ||     1
Armor: Leather armour    ||    15
Dodge: Dodged            ||    50
